 Dungeon Crawl Stone Soup version 0.27-a0-3-gcf006a40f5 (webtiles) character file.

Game seed: 13495798226060886777

1373 sanka the Sneak (level 8, -11/39 HPs)
             Began as a Spriggan Enchanter on Jan 1, 2021.
             Was a Follower of Ru.
             Hit by a large rock thrown by a cyclops (29 damage)
             ... on level 6 of the Dungeon.
             The game lasted 00:12:59 (7776 turns).

sanka the Sneak (Spriggan Enchanter)                Turns: 7776, Time: 00:12:59

Health: -11/39     AC:  4    Str:  8    XL:     8   Next: 39%
Magic:  8/13       EV: 26    Int: 16    God:    Ru [*.....]
Gold:   271        SH:  5    Dex: 19    Spells: 6/12 levels left

rFire    . . .     SeeInvis +   a - +1 dagger
rCold    . . .     Faith    .   (shield restricted)
rNeg     . . .     Spirit   .   b - +0 robe
rPois    +         Reflect  +   (helmet restricted)
rElec    .         Harm     .   i - +1 cloak {rCorr}
rCorr    +         Rampage  .   (gloves unavailable)
Will     +....                  (boots unavailable)
Stlth    ++++......             r - amulet "Febralaj" {Reflect rPois Str+4 SH+5}
HPRegen  0.13/turn              (no ring)
MPRegen  0.13/turn              k - +4 ring of evasion

@: very quick
A: very small, unfitting armour, see invisible, speed 3, unskilled 1
a: Renounce Religion


You were on level 6 of the Dungeon.
You worshipped Ru.
Ru was aware of your devotion.
You visited 1 branch of the dungeon, and saw 6 of its levels.

You collected 271 gold pieces.


Innate Abilities, Weirdness & Mutations

You are very small and have problems with some larger weapons.
You are too small for most types of armour.
You have supernaturally acute eyesight. (SInv)
You cover ground extremely quickly.
You are somewhat unskilled. (-1 Apt)


   Skills:
 + Level 2.6 Fighting
 + Level 4.5 Short Blades
 + Level 5.7 Dodging
 + Level 7.3 Stealth
 + Level 2.7 Spellcasting
 + Level 7.3 Hexes


You had 6 spell levels left.
You knew the following spells:

 Your Spells              Type           Power        Failure   Level
z - Ensorcelled Hibernat  Hex/Ice        26%          7%          2
X - Confusing Touch       Hex            25%          3%          3
Z - Corona                Hex            27%          1%          1

Your spell library contained the following spells:

 Spells                   Type           Power        Failure   Level
 Tukima's Dance           Hex            25%          3%          3
 Dazzling Flash           Conj/Hex       26%          13%         3

Inventory:

Hand Weapons
 a - a +1 dagger (weapon)
 j - a +3 quarterstaff of chaos
 l - the cursed +1 hand axe "Socsothra" {pain, rC+} In the hands of one skilled in necromantic magic, it inflicts extra damage on living creatures. It protects you from cold. It has a curse placed upon it.
Armour
 b - a +0 robe (worn)
 i - a +1 cloak of preservation (worn)
Jewellery
 k - a +4 ring of evasion (right hand)
 r - the amulet "Febralaj" (around neck) {Reflect rPois Str+4 SH+5}

   [amulet of reflection]

   It shields you and reflects attacks.
   It affects your strength (+4).
   It protects you from poison.
   It affects your SH (+5).
Wands
 n - a wand of digging (6)
 o - a wand of paralysis (15)
Scrolls
 c - 3 scrolls of fear {unknown}
 e - a scroll of enchant weapon {unknown}
 g - 5 scrolls of teleportation {unknown}
 h - 6 scrolls of remove curse {unknown}
 p - 2 scrolls of identify {unknown}
Potions
 d - a potion of invisibility
 f - 7 potions of curing {unknown}
 m - a potion of degeneration {unknown}
 q - a potion of haste {unknown}
 s - a potion of flight {unknown}

Dungeon Overview and Level Annotations

Branches:
Dungeon (6/15)
 Temple: D:4-7

Altars:
Ru
Beogh

....... ▒▒.▒.▒ .▒.▒▒..
....▒▒ ....▒.▒
▒▒▒▒£▒...
....▒.▒▒▒▒▒....▒.▒
...<▒.▒..▒..▒▒≈≈≈▒
▒..▒▒.▒.≈.▒.▒..≈(▒
▒.......≈≈▒..▒▒..▒
▒..▒▒.▒▒▒≈≈..((..▒
▒..▒▒.▒ ▒.≈▒▒≈▒▒i▒ ▒▒▒.
▒..▒▒.▒▒▒.(▒▒≈▒▒.▒▒....
....▒.▒≈≈(▒▒≈≈........
.†.......≈..≈.......▒
▒▒▒...▒▒▒≈c≈≈▒.▒....▒
▒▒▒ ......▒
▒.≈≈.cC...(.▒ ..
▒▒▒▒.▒▒ ▒.≈▒▒▒...▒Z..
.▒ ▒..▒
▒..▒▒5...▒.▒▒▒c▒
▒▒.▒▒▒..▒.....▒..(5c▒


You could see a cyclops, a centaur, a shadow imp (wandering) and a bullfrog
zombie (wandering).


Message History

You hear a splash.
The centaur shoots an arrow.
The arrow closely misses you.
You see here an arrow.
You start resting.
The centaur wields a +0 shortbow.
The centaur shoots an arrow.
The arrow hits you!
* * * LOW HITPOINT WARNING * * *
Why would you want to do that?
The centaur zaps a wand.
You resist with some effort.
You enter the shallow water.
The cyclops shouts!
The centaur shoots an arrow.
The arrow completely misses you.
The cyclops throws a large rock.
The large rock completely misses you.
Things that are here:
a large rock {=f}; an arrow The centaur shoots an arrow.
The arrow completely misses you.
You see here an arrow.
The centaur shoots an arrow.
The arrow closely misses you.
Found 4 gold pieces.
The cyclops throws a large rock.
The large rock hits you!!
Ouch! That really hurt!
You die...

Action                   |  1- 3 |  4- 6 |  7- 9 || total
-------------------------+-------+-------+-------++-------
Melee: Dagger            |    90 |   122 |    73 ||   285
 Cast: Corona            |     5 |     1 |       ||     6
       Ensorcelled Hiber |    23 |    44 |    31 ||    98
       Confusing Touch   |       |     5 |     3 ||     8
Invok: Sacrifice Skill   |       |       |     1 ||     1
 Stab: Sleeping          |    21 |    39 |    12 ||    72
       Confused          |       |     8 |     6 ||    14
Armor: Robe              |     8 |     6 |       ||    14
Dodge: Dodged            |    87 |    85 |    64 ||   236

Levels and vault maps discovered:
D:1:      dpeg_arrival_simpleton_b, layout_rooms, minmay_strange_pillars,
          wad_floor_pattern_2
D:2:      layout_basic, uniq_jessica, uniq_crazy_yiuf_cottage
D:3:      mumra_celtic_spiral_tile, layout_basic, biasface_ghost_orc_armoury,
          chequers_serial_rivers_large_a, uniq_robin, uniq_terence
D:4:      layout_cave_pools, nicolae_ru_the_path_less_chosen
D:5:      layout_basic, gammafunk_ghost_smash
D:6:      hangedman_cross_stitches, layout_basic, serial_rivers,
          chequers_serial_rivers_small_a, chequers_serial_rivers_small_b,
          chequers_serial_rivers_small_b, chequers_serial_rivers_micro_d

Notes
Turn   | Place    | Note
-------+----------+-------------------------------------------
     0 | D:1      | sanka the Spriggan Enchanter began the quest for the Orb.
     0 | D:1      | Reached XP level 1. HP: 9/9 MP: 5/5
   120 | D:1      | Reached skill level 5 in Stealth
   273 | D:1      | Reached XP level 2. HP: 12/13 MP: 4/6
   276 | D:1      | Learned a level 2 spell: Ensorcelled Hibernation
   665 | D:1      | Reached skill level 6 in Stealth
  1196 | D:1      | Reached XP level 3. HP: 12/16 MP: 2/8
  1265 | D:1      | Learned a level 3 spell: Confusing Touch
  1885 | D:2      | Reached skill level 7 in Stealth
  1916 | D:2      | Noticed Jessica
  1918 | D:2      | Killed Jessica
  1919 | D:2      | Reached XP level 4. HP: 21/21 MP: 9/9
  2284 | D:2      | Reached skill level 8 in Stealth
  2657 | D:2      | Found a runed translucent door.
  2658 | D:2      | Noticed Crazy Yiuf
  2986 | D:2      | Killed Crazy Yiuf
  2987 | D:2      | Reached skill level 2 in Short Blades
  3228 | D:3      | Found a runed translucent gate.
  3229 | D:3      | Found a runed translucent gate.
  3316 | D:3      | Noticed Robin
  3712 | D:2      | Reached XP level 5. HP: 24/24 MP: 1/10
  3792 | D:3      | Killed Robin
  3793 | D:3      | Reached skill level 3 in Short Blades
  3868 | D:3      | Found a runed translucent gate.
  3868 | D:3      | Noticed emiel's ghost (amateur NaWn)
  3870 | D:3      | Found a roughly hewn altar of Beogh.
  3872 | D:3      | Identified the cursed +1 hand axe "Socsothra" {pain, rC+}
  3872 | D:3      | Identified the +2 ring mail "Goilick" {rElec rPois Regen+
                  | Dex-3}
  4329 | D:3      | Noticed Terence
  4332 | D:3      | Killed Terence
  5239 | D:3      | Killed emiel's ghost
  5240 | D:3      | Reached skill level 5 in Short Blades
  5240 | D:3      | Reached skill level 3 in Spellcasting
  5240 | D:3      | Reached XP level 6. HP: 28/28 MP: 8/11
  5359 | D:3      | Reached skill level 4 in Hexes
  5535 | D:4      | Found a sacrificial altar of Ru.
  5542 | D:4      | Became a worshipper of Ru the Awakened
  5687 | D:4      | Reached skill level 5 in Hexes
  6045 | D:5      | Entered Level 5 of the Dungeon
  6118 | D:5      | Reached skill level 6 in Hexes
  6118 | D:5      | Reached XP level 7. HP: 32/32 MP: 6/12
  6441 | D:5      | Found a transporter.
  6441 | D:5      | Noticed MirrMurr's ghost (novice DsGl)
  6443 | D:5      | Identified the +11 great mace of Causality {venom, Int+3}
  6447 | D:5      | Reached skill level 7 in Hexes
  6583 | D:5      | Found a transporter.
  6599 | D:5      | Reached skill level 8 in Hexes
  6761 | D:5      | Reached skill level 1 in Fighting
  6761 | D:5      | Reached skill level 4 in Dodging
  7467 | D:5      | Reached XP level 8. HP: 39/39 MP: 7/13
  7484 | D:5      | Killed MirrMurr's ghost
  7485 | D:5      | Reached skill level 2 in Fighting
  7485 | D:5      | Reached skill level 6 in Dodging
  7491 | D:5      | Got a coiled bronze amulet
  7497 | D:5      | Identified the amulet "Febralaj" {Reflect rPois Str+4 SH+5}
                  | (You found it on level 5 of the Dungeon)
  7700 | D:6      | Gained mutation: You are somewhat unskilled. (-1 Apt) [Ru
                  | sacrifice]
  7700 | D:6      | Reduced skill Short Blades to level 4
  7700 | D:6      | Reduced skill Dodging to level 5
  7700 | D:6      | Reduced skill Stealth to level 7
  7700 | D:6      | Reduced skill Spellcasting to level 2
  7700 | D:6      | Reduced skill Hexes to level 7
  7700 | D:6      | Reached * piety under Ru
  7741 | D:6      | Noticed a cyclops
  7776 | D:6      | Hit by a large rock thrown by a cyclops

Vanquished Creatures
  The ghost of MirrMurr the Poker, a novice DsGl of Okawaru (D:5)
  The ghost of emiel the Skirmisher, an amateur NaWn (D:3)
  An ice beast (D:5)
  A sky beast (D:5)
  3 ogres (D:5)
  A centaur (D:5)
  A howler monkey (D:4)
  2 orc wizards (D:4)
  Crazy Yiuf (D:2)
  Jessica (D:2)
  3 iguanas
  Terence (D:3)
  Robin (D:3)
  4 adders
  A shadow imp (D:5)
  A white imp (D:5)
  An ooze (D:1)
  3 worms
  3 dart slugs
  A leopard gecko (D:1)
  9 orcs
  A giant cockroach (D:2)
  10 hobgoblins
  4 jackals (D:1)
  3 quokkas
  4 bats (D:1)
  2 frilled lizards
  17 goblins
  4 kobolds
  A quokka skeleton (D:5)
  12 rats
99 creatures vanquished.
